 Dungeon Crawl Stone Soup version 0.30.1-11-g7821555f0a (webtiles) character file.

Game seed: 1766002569185597815

75300 2FriedEggs the Earth Mage (level 15, -5/79 HPs)
             Began as a Deep Elf Earth Elementalist on Nov 13, 2023.
             Was a High Priest of Hepliaklqana.
             Killed by divine providence
             ... invoked by Saint Roka
              (12 damage)
             ... on level 2 of the Orcish Mines on Nov 14, 2023.
             The game lasted 01:01:32 (25990 turns).

2FriedEggs the Earth Mage (DEEE)                   Turns: 25990, Time: 01:01:32

Health: -5/79      AC: 15    Str:  5    XL:     15   Next: 9%
Magic:  0/39       EV: 11    Int: 37    God:    Hepliaklqana [*****.]
Gold:   1842       SH:  8    Dex: 18    Spells: 7/32 levels left

rFire   . . .        H - +2 dagger (venom)
rCold   . . .        s - +3 warlock's mirror {omnireflect}
rNeg    . . .        L - +3 ring mail of Hepliaklqana's Grace {Int+3}
rPois   +            n - +1 helmet of Shielding {rPois Dex+3}
rElec   .            m - +0 cloak
rCorr   .            (no gloves)
SInv    .            W - +2 pair of boots
Will    +....        u - amulet of guardian spirit
Stlth   ++           l - ring of magical power
HPRegen 0.33/turn    Z - +6 ring of intelligence
MPRegen 0.26/turn

%: reflection, guardian spirit
@: studying Fighting
A: reduced essence
a: Renounce Religion, Recall Ancestor, Ancestor Identity, Transference, Idealise


You were on level 2 of the Orcish Mines.
You worshipped Hepliaklqana.
Hepliaklqana was extremely pleased with you.
You visited 4 branches of the dungeon, and saw 20 of its levels.
You also visited: Ice Cave.

You collected 2061 gold pieces.
You spent 219 gold pieces at shops.

Inventory:

Hand Weapons
 H - a +2 dagger of venom (weapon)
Missiles
 D - a throwing net
Armour
 m - a +0 cloak (worn)
 n - the +1 helmet of Shielding (worn) {rPois Dex+3}
   (You acquired it in an ice cave)

   Dex:       It affects your dexterity (+3).
   rPois:     It protects you from poison.
 s - the +3 warlock's mirror (worn) {omnireflect}
   (You found it on level 2 of the Dungeon)

   Omnireflect: It can block and reflect piercing ranged attacks and magical
   attacks against the wielder's willpower.
 K - a +2 robe of positive energy
 L - the +3 ring mail of Hepliaklqana's Grace (worn) {Int+3}
   (You found it on level 9 of the Dungeon)

   Int:       It affects your intelligence (+3).
 N - a +0 troll leather armour
 O - +0 steam dragon scales
 W - a +2 pair of boots (worn)
Magical Staves
 J - a staff of cold
Jewellery
 d - a ring of resist corrosion
 f - a ring of ice
 l - a ring of magical power (left hand)
 p - a ring of willpower
 u - an amulet of guardian spirit (around neck)
 E - a ring of flight
 I - a ring of magical power
 U - a ring of willpower
 Z - a +6 ring of intelligence (right hand)
Wands
 w - a wand of flame (31)
 y - a wand of roots (17)
 B - a wand of charming (7)
 R - a wand of polymorph (4)
 T - a wand of quicksilver (8)
Scrolls
 a - 3 scrolls of blinking
 c - 3 scrolls of enchant weapon
 g - 4 scrolls of fog
 q - 4 scrolls of immolation
 r - 3 scrolls of poison
 t - 6 scrolls of teleportation
 v - 4 scrolls of amnesia
 x - a scroll of enchant armour
 A - 5 scrolls of fear
 C - 3 scrolls of vulnerability
 M - a scroll of torment
 P - 2 scrolls of silence
Potions
 b - 2 potions of magic
 e - 7 potions of curing
 h - 2 potions of haste
 i - 9 potions of heal wounds
 j - 3 potions of mutation
 k - 3 potions of lignification
 o - a potion of resistance
 z - 5 potions of berserk rage
 F - 4 potions of brilliance
 G - a potion of invisibility
 S - a potion of cancellation
 V - 2 potions of attraction
 X - a potion of experience {unknown}
 Y - a potion of flight
Miscellaneous
 Q - a phantom mirror


   Skills:
 + Level 8.1 Fighting
 - Level 5.1 Armour
 - Level 7.8 Dodging
 - Level 2.4 Stealth
 - Level 4.0 Shields
 + Level 9.2 Spellcasting
 - Level 7.4 Conjurations
 - Level 5.8 Necromancy
 - Level 12.0 Transmutations
 - Level 17.4 Earth Magic
 - Level 10.0 Poison Magic
 - Level 5.8 Invocations


You had 7 spell levels left.
You knew the following spells:

 Your Spells              Type           Power      Damage    Failure   Level
a - Sandblast             Erth           100%       2d20      0%          1
b - Stone Arrow           Conj/Erth      100%       3d13      1%          3
c - Borgnjor's Vile Clut  Necr/Erth      40%        N/A       3%          5
d - Olgreb's Toxic Radia  Pois           74%        N/A       2%          4
e - Statue Form           Tmut/Erth      60%        N/A       6%          6
f - Passwall              Tmut/Erth      75%        N/A       1%          2
g - Petrify               Tmut/Erth      90%        N/A       1%          4

Your spell library contained the following spells:

 Spells                   Type           Power      Damage    Failure   Level
 Necrotise                Necr           100%       1d9       1%          1
 Sting                    Tmut/Pois      100%       1d8       1%          1
 Shock                    Conj/Air       100%       1d9       3%          1
 Poisonous Vapours        Pois/Air       100%       N/A       3%          2
 Vampiric Draining        Necr           56%        2d10      4%          3
 Hailstorm                Conj/Ice       44%        3d10      11%         3
 Ice Form                 Ice/Tmut       57%        N/A       14%         4
 Animate Dead             Necr           56%        N/A       16%         4
 Summon Small Mammal      Summ           68%        N/A       17%         1
 Yara's Violent Unravell  Hex/Tmut       28%        3d12      36%         5
 Agony                    Necr           56%        N/A       38%         5
 Call Canine Familiar     Summ           17%        N/A       45%         3
 Frozen Ramparts          Ice            34%        1d6       45%         3
 Gell's Gravitas          Tloc           17%        N/A       45%         3
 Inner Flame              Hex/Fire       17%        N/A       45%         3
 Ozocubu's Armour         Ice            17%        N/A       45%         3
 Summon Guardian Golem    Hex/Summ       17%        N/A       45%         3
 Swiftness                Air            17%        N/A       45%         3
 Teleport Other           Tloc           17%        N/A       45%         3
 Airstrike                Air            8%         2d(2-18)  86%         4
 Summon Ice Beast         Ice/Summ       17%        N/A       86%         4
 Death Channel            Necr           28%        N/A       93%         6
 Metabolic Englaciation   Hex/Ice        8%         N/A       99%         5
 Dispersal                Tloc           8%         N/A       100%        6
 Simulacrum               Ice/Necr       19%        N/A       100%        6
 Enfeeble                 Hex            8%         N/A       100%        7
 Ozocubu's Refrigeration  Ice            8%         4d9       100%        7


Dungeon Overview and Level Annotations

Branches:
Dungeon (12/15)            Temple (1/1) D:7            Lair (5/5) D:10
  Swamp (0/4) Lair:2        Snake (0/4) Lair:3        Slime (0/5) Lair:5
    Orc (2/2) D:11            Elf (0/3) Orc:2         IceCv (visited)

Altars:
Ashenzari
Cheibriados
Elyvilon
Fedhas
Gozag
Hepliaklqana
Kikubaaqudgha
Makhleb
Nemelex Xobeh
Okawaru
Qazlal
Ru
Sif Muna
Trog
Uskayaw
Vehumet
Wu Jian
Xom
Yredelemnul
Zin
The Shining One
Jiyva

Shops:
D:2 ?   D:9 [   Orc:1 :   Orc:2 *

Annotations:
D:11 1 runed translucent door, mrw3rdna's ghost, journeyman FoFi
Orc:2 Saint Roka


Message History

Confirm with . or Enter, or press ? or * to list all spells.
You begin to radiate toxic energy.
Saint Roka is poisoned.
Saint Roka looks even sicker.
Saint Roka calls down the wrath of Beogh upon you.
Beogh smites you!
* * * LOW HITPOINT WARNING * * *
Unknown command.
Casting: Olgreb's Toxic Radiance (dangerous; 2% risk of failure)
Confirm with . or Enter, or press ? or * to list all spells.
Aiming: Borgnjor's Vile Clutch (dangerous; 3% risk of failure)
Press: ? - help, Shift-Dir - straight line, f/p - Saint Roka
Aim: Saint Roka, wielding a +3 broad axe of flaming and wearing a +1 plate armour of cold resistance (severely wounded, very poisoned, 100% to hit)
Zombie hands grab Saint Roka.
Saint Roka looks even sicker.
The zombie hands constrict Saint Roka.
Saint Roka struggles to escape constriction.
Your toxic aura wanes.
The zombie hands constrict Saint Roka, but do no damage.
Saint Roka struggles to escape constriction.
The zombie hands constrict Saint Roka!
Saint Roka invokes the aid of Beogh against you.
Beogh smites you!
* * * LOW HITPOINT WARNING * * *
The zombie hands constrict Saint Roka, but do no damage.
Saint Roka struggles to escape constriction.
The zombie hands constrict Saint Roka!
The zombie hands release their grip on Saint Roka.
Casting: Borgnjor's Vile Clutch (dangerous; 3% risk of failure)
Confirm with . or Enter, or press ? or * to list all spells.
You begin to radiate toxic energy.
Saint Roka looks even sicker.
Unknown command.
Saint Roka looks as sick as possible!
Saint Roka looks as sick as possible!
Saint Roka mumbles some strange prayers to Beogh against you.
Beogh smites you!
* * * LOW HITPOINT WARNING * * *
Saint Roka looks as sick as possible!
Your toxic aura wanes.
Saint Roka mumbles some strange prayers to Beogh against you.
Beogh smites you!
You die...

>..........#...).#..............#
...........##.).##....).........#
...#........#####..............##
....#...........................#
............................##.##
............................#..##
<...#####..................#....#
...## #......................#
[.##.....##.....@.##..#......#R##
..#..)_...#............#####..##
..#...8...#...........##...##..#
..#....)..#..........##))...##.##
#.##...).##..........')..)...#..#
...##.).##...........#.).8_.∩#.##
.#.)###)#............#.))....#..#
#........o.#.........##.)...##.##
........#.###.........##...##..#


You could see Saint Roka (extremely poisoned).

Vanquished Creatures
  Kirke (Lair:4)
  4 two-headed ogres
  4 death yaks
  An orc high priest (Orc:2)
  Urug (D:12)
  2 skysharks
  A skeletal warrior (D:11)
  3 goliath frogs (Lair:5)
  A bog body (Lair:2)
  A deep elf pyromancer (D:12)
  2 manticores (D:12)
  3 orc sorcerers (Orc:2)
  An ice statue (IceCv)
  7 elephants
  6 black mambas
  4 rime drakes
  11 cane toads
  7 komodo dragons
  2 trolls (D:9)
  Grinder (D:5)
  16 blink frogs
  3 polar bears (IceCv)
  Sigmund (D:4)
  2 wraiths (D:12)
  4 hogs (Lair:4)
  A vampire (D:11)
  A wyvern (Lair:1)
  3 basilisks
  29 yaks
  11 vampire mosquitoes
  2 steam dragons
  Edmund (D:5)
  4 acid dragons
  15 water moccasins
  9 orc warriors
  3 ice beasts
  8 wolves (IceCv)
  3 ogres
  2 centaurs
  2 phantoms
  2 kobold brigands
  9 bullfrogs
  3 gnoll sergeants
  2 scorpions
  12 wights (D:7)
  6 killer bees
  5 howler monkeys
  An electric eel (Lair:2)
  3 hounds
  2 gnoll boudas
  16 orc priests
  A jelly (D:6)
  3 iguanas
  A sleepcap (D:6)
  3 hell rats
  13 orc wizards
  11 adders
  18 gnolls
  A river rat (D:10)
  A worm (D:4)
  2 dart slugs (D:3)
  51 orcs
  4 bats
  10 endoplasms
  2 giant cockroaches
  10 goblins
  6 hobgoblins
  6 jackals
  2 quokkas
  4 ball pythons
  4 frilled lizards (D:1)
  14 kobolds
  2 rats
413 creatures vanquished.

Vanquished Creatures (collateral kills)
  A hydra (Lair:5)
  2 ironbound frosthearts (IceCv)
  A two-headed ogre (D:11)
  7 death yaks
  A skyshark (Lair:5)
  Sonja (Lair:4)
  2 skeletal warriors (D:11)
  An ugly thing (D:12)
  A wolf spider (D:12)
  An oklob plant (Lair:2)
  2 cyclopes (D:12)
  7 elephants
  5 black mambas
  11 cane toads
  An unseen horror (D:12)
  2 rime drakes (Lair:4)
  A kobold demonologist (D:12)
  A komodo dragon (D:12)
  6 polar bears
  12 blink frogs
  A troll (Orc:2)
  A tyrant leech (Lair:5)
  3 shadows (D:12)
  27 yaks
  4 basilisks
  A vampire (D:12)
  A hog (Lair:4)
  5 vampire mosquitoes
  An acid dragon (D:11)
  3 water moccasins
  12 orc warriors
  4 ogres
  6 wolves (IceCv)
  A kobold brigand (D:12)
  12 bullfrogs
  2 killer bees (D:10)
  3 howler monkeys
  3 orc priests
  An orc wizard (Orc:2)
  5 orcs
  A quokka (D:10)
  A kobold (D:12)
  2 rats (D:10)
166 creatures vanquished.

Vanquished Creatures (others)
  A polar bear (IceCv)
  An ancestor (D:9)
  21 battlemagi
23 creatures vanquished.

Grand Total: 602 creatures vanquished

Notes
Turn   | Place    | Note
-------+----------+-------------------------------------------
     0 | D:1      | 2FriedEggs the Deep Elf Earth Elementalist began the quest
                  | for the Orb.
     0 | D:1      | Reached XP level 1. HP: 10/10 MP: 6/6
   207 | D:1      | Reached XP level 2. HP: 15/15 MP: 6/9
  1157 | D:2      | Reached XP level 3. HP: 19/19 MP: 9/11
  1195 | D:2      | Reached skill level 5 in Spellcasting
  1283 | D:2      | Found a faded altar of an unknown god.
  1529 | D:2      | Found the +3 warlock's mirror {omnireflect}
  1818 | D:2      | Found Naum's Magic Scroll Emporium.
  1834 | D:2      | Bought a scroll of identify for 24 gold pieces
  1834 | D:2      | Bought a scroll of teleportation for 36 gold pieces
  1878 | D:2      | Bought a scroll of amnesia for 48 gold pieces
  1909 | D:3      | Reached XP level 4. HP: 24/24 MP: 13/13
  2089 | D:3      | Found a basalt altar of Yredelemnul.
  2327 | D:3      | You fall into a shaft and drop 1 floor!
  2520 | D:4      | Reached skill level 1 in Shields
  2879 | D:4      | Reached XP level 5. HP: 21/28 MP: 16/16
  2890 | D:4      | Learned a level 3 spell: Stone Arrow
  2893 | D:4      | Learned a level 2 spell: Passwall
  2898 | D:4      | Learned a level 4 spell: Petrify
  3135 | D:4      | Found a sacrificial altar of Ru.
  3221 | D:4      | Reached skill level 1 in Conjurations
  3361 | D:4      | Reached skill level 4 in Earth Magic
  3408 | D:4      | Noticed an ogre
  3412 | D:4      | Killed an ogre
  3413 | D:4      | Reached XP level 6. HP: 32/32 MP: 17/17
  3791 | D:4      | Noticed Sigmund
  3794 | D:4      | Killed Sigmund
  3795 | D:4      | Reached skill level 5 in Earth Magic
  3795 | D:4      | Reached XP level 7. HP: 36/36 MP: 19/19
  3970 | D:5      | Entered Level 5 of the Dungeon
  4081 | D:5      | Noticed Edmund
  4087 | D:5      | Killed Edmund
  4184 | D:5      | Noticed Grinder
  4212 | D:5      | Killed Grinder
  4213 | D:5      | Reached skill level 6 in Earth Magic
  4395 | D:5      | Reached skill level 5 in Conjurations
  4395 | D:5      | Reached XP level 8. HP: 41/41 MP: 19/20
  5004 | D:6      | Reached skill level 7 in Earth Magic
  5103 | D:6      | Noticed a +0 dagger
  5103 | D:6      | Noticed a +0 hand axe
  5106 | D:6      | Found a hide-covered altar of Uskayaw.
  5365 | D:6      | Found a shimmering altar of Xom.
  5495 | D:6      | Found an ancient bone altar of Kikubaaqudgha.
  5780 | D:6      | Found a snail-covered altar of Cheibriados.
  6045 | D:7      | Reached skill level 8 in Earth Magic
  6246 | D:7      | Found a staircase to the Ecumenical Temple.
  6336 | Temple   | Entered the Ecumenical Temple
  6364 | D:7      | Reached XP level 9. HP: 45/45 MP: 20/21
  6559 | D:7      | Found a hazy altar of Hepliaklqana.
  6588 | D:7      | Became a worshipper of Hepliaklqana the Forgotten
  6739 | D:7      | Reached skill level 9 in Earth Magic
  7028 | D:6      | Found a shimmering altar of Xom.
  7085 | D:6      | Found a hide-covered altar of Uskayaw.
  7302 | D:6      | Found an ancient bone altar of Kikubaaqudgha.
  7425 | D:6      | Found a snail-covered altar of Cheibriados.
  7902 | D:7      | Found an ornate altar of the Wu Jian Council.
  8297 | D:8      | Reached skill level 10 in Earth Magic
  8386 | D:8      | Reached * piety under Hepliaklqana
  8414 | D:8      | Found a radiant altar of Vehumet.
  8455 | D:8      | Reached skill level 5 in Dodging
  9023 | D:9      | Found Poumay's Antique Armour Emporium.
  9026 | D:9      | Bought a glowing robe for 111 gold pieces
  9090 | D:9      | Found a glowing silver altar of Zin.
  9169 | D:9      | Noticed a two-headed ogre
  9176 | D:9      | Killed a two-headed ogre
  9492 | D:9      | Identified the +3 ring mail of Hepliaklqana's Grace {Int+3}
  9563 | D:9      | Noticed a troll
  9631 | D:9      | Killed a troll
  9632 | D:9      | Reached XP level 10. HP: 45/45 MP: 22/22
  9739 | D:9      | Found an iron altar of Okawaru.
  9742 | D:9      | Found a broken altar of Ashenzari.
  9747 | D:9      | Found a white marble altar of Elyvilon.
  9864 | D:9      | Reached skill level 1 in Armour
 10009 | D:10     | Entered Level 10 of the Dungeon
 10048 | D:10     | Reached ** piety under Hepliaklqana
 10049 | D:10     | Remembered your ancestor Beorhtric as a battlemage
 10174 | D:10     | Reached skill level 5 in Transmutations
 10174 | D:10     | Reached skill level 11 in Earth Magic
 10250 | D:10     | Noticed a death yak
 10530 | D:10     | Killed a death yak
 10809 | D:10     | Noticed a death yak
 10824 | D:10     | Killed a death yak
 10825 | D:10     | Noticed a death yak
 10826 | D:10     | Killed a death yak
 10827 | D:10     | Reached skill level 12 in Earth Magic
 10839 | D:10     | Found a staircase to the Lair.
 11061 | D:10     | Noticed a two-headed ogre
 11066 | D:10     | Killed a two-headed ogre
 11067 | D:10     | Reached XP level 11. HP: 44/48 MP: 11/23
 11181 | D:10     | Found a bloodstained altar of Trog.
 11674 | D:11     | Noticed a two-headed ogre
 11678 | D:11     | Noticed a skeletal warrior
 11764 | D:11     | Noticed a skeletal warrior
 11770 | D:11     | Killed a skeletal warrior
 11921 | D:11     | Noticed a skeletal warrior
 11988 | D:11     | Reached skill level 1 in Invocations
 12047 | D:11     | Killed a two-headed ogre
 12048 | D:11     | Reached skill level 1 in Fighting
 12100 | D:11     | Found a runed translucent door.
 12101 | D:11     | Noticed mrw3rdna's ghost (journeyman FoFi)
 12160 | D:11     | Killed a skeletal warrior
 12161 | D:11     | Killed a skeletal warrior
 12405 | D:11     | Found a staircase to the Orcish Mines.
 12440 | D:11     | Reached *** piety under Hepliaklqana
 12864 | D:12     | Noticed a two-headed ogre
 12868 | D:12     | Noticed a deep elf pyromancer
 12874 | D:12     | Killed a deep elf pyromancer
 12877 | D:12     | Killed a two-headed ogre
 13036 | D:12     | Reached skill level 5 in Armour
 13089 | D:12     | Found a frozen archway.
 13104 | D:12     | Learned a level 6 spell: Statue Form
 13117 | IceCv    | Entered an ice cave
 13140 | IceCv    | Reached XP level 12. HP: 57/57 MP: 20/24
 13323 | IceCv    | Reached skill level 13 in Earth Magic
 13388 | IceCv    | Noticed a death yak
 13403 | IceCv    | Killed a death yak
 13725 | IceCv    | Noticed a death yak
 13726 | IceCv    | Noticed a death yak
 13731 | IceCv    | Killed a death yak
 13734 | IceCv    | Killed a death yak
 13735 | IceCv    | Reached skill level 10 in Transmutations
 13797 | IceCv    | Reached skill level 14 in Earth Magic
 13986 | IceCv    | Noticed a death yak
 13986 | IceCv    | Noticed an ironbound frostheart
 13986 | IceCv    | Noticed an ironbound frostheart
 13986 | IceCv    | Noticed a death yak
 14215 | IceCv    | Killed an ironbound frostheart
 14339 | IceCv    | Killed an ironbound frostheart
 14400 | IceCv    | Identified a scroll of acquirement
 14401 | IceCv    | Acquired the +1 helmet of Shielding {rPois Dex+3}
 14472 | IceCv    | Killed a death yak
 14552 | IceCv    | Killed a death yak
 14665 | IceCv    | Identified the +1 falchion of Crusades {antimagic, rCorr}
 14744 | IceCv    | HP: 2/57 [something (12)]
 15160 | D:12     | Noticed a two-headed ogre
 15163 | D:12     | Killed a two-headed ogre
 15187 | D:12     | Reached XP level 13. HP: 52/62 MP: 14/25
 15567 | D:12     | Reached skill level 15 in Earth Magic
 15636 | D:12     | Noticed Urug
 15640 | D:12     | Killed Urug
 15695 | D:12     | Identified the +4 short sword of Ozoa {protect, rPois
                  | Str+4}
 16198 | D:12     | Reached **** piety under Hepliaklqana
 16466 | Lair:1   | Entered Level 1 of the Lair of Beasts
 16940 | Lair:1   | Reached skill level 5 in Fighting
 17624 | Lair:2   | Found a staircase to the Swamp.
 17693 | Lair:2   | Reached ***** piety under Hepliaklqana
 18394 | Lair:2   | Reached skill level 5 in Invocations
 18407 | Lair:2   | Learned a level 5 spell: Borgnjor's Vile Clutch
 18630 | Lair:3   | Found a staircase to the Snake Pit.
 18647 | Lair:3   | Reached skill level 1 in Necromancy
 18830 | Lair:2   | Learned a level 4 spell: Olgreb's Toxic Radiance
 18953 | Lair:3   | Reached skill level 1 in Poison Magic
 20144 | Lair:4   | Reached skill level 5 in Poison Magic
 20146 | Lair:4   | Reached XP level 14. HP: 73/73 MP: 26/28
 20572 | Lair:4   | Noticed Kirke
 20606 | Lair:4   | Killed Kirke
 20819 | Lair:4   | Noticed Sonja
 20822 | Lair:4   | Killed Sonja
 21492 | Lair:5   | Entered Level 5 of the Lair of Beasts
 22094 | Lair:5   | Reached skill level 10 in Poison Magic
 22105 | Lair:4   | Reached skill level 16 in Earth Magic
 22339 | Lair:5   | Found a viscous altar of Jiyva.
 22340 | Lair:5   | Found a staircase to the Slime Pits.
 22933 | Lair:5   | Reached skill level 17 in Earth Magic
 23939 | Lair:5   | Reached skill level 5 in Necromancy
 24777 | Orc:1    | Entered Level 1 of the Orcish Mines
 25073 | Orc:2    | Entered Level 2 of the Orcish Mines
 25073 | Orc:2    | Found a staircase to the Elven Halls.
 25134 | Orc:1    | Found Zyod's Book Shoppe.
 25284 | Orc:2    | Reached XP level 15. HP: 77/77 MP: 29/29
 25287 | Orc:2    | Noticed Saint Roka
 25691 | Orc:2    | Found Amyh's Assorted Antiques.
 25990 | Orc:2    | Killed from afar by Saint Roka

Illustrated notes

Levels and vault maps discovered:
D:1:      saegor_arrival_simple_a, layout_basic, minmay_stone_trees_small,
          serial_bayou_lake_a
D:2:      layout_basic, serial_shops, shop,
          hellmonk_ecumenical_altar_dog_temple, minmay_ruptured
D:3:      layout_loops_ring, overflow_temple_1_default
D:4:      layout_basic, nicolae_ru_sacrificial_ziggurat, uniq_sigmund
D:5:      layout_basic, uniq_grinder, uniq_edmund
D:6:      layout_loops_ring, kennysheep_little_box,
          mainiacjoe_overflow_alcove_1, dancing_weapons_uskayaw,
          mainiacjoe_overflow_boulevard
D:7:      layout_loops_ring, lemuel_coloured_pillars_altar,
          mainiacjoe_overflow_concentric_impassable, minmay_temple_entry_waves,
          nicolae_grassy_gnolls
D:8:      layout_basic, vehumet_crystals, minmay_misc_feat_enclosed
D:9:      layout_irregular_city, amcnicky_altar_gilded,
          grunt_temple_overflow_diamond, serial_shops, nicolae_stop_n_shop_2
D:10:     layout_cave_pods, nicolae_overflow_hidden_temple, dpeg_lair_monsters,
          serial_glass, glass_columns_a, glass_columns_a, glass_columns_b,
          glass_columns_b, glass_columns_c, glass_columns_a, glass_columns_c,
          glass_columns_a, item_on_display_a, item_on_display_a
D:11:     layout_irregular_city, orc_0_dummy, gammafunk_ghost_grave
D:12:     nzn_winding_woodlands_stair_trap [nzn_winding_woodlands_5x15_zeroes,
          nzn_winding_woodlands_5x15_parted, nzn_winding_woodlands_5x15_default,
          nzn_winding_woodlands_15x15_thick_spiral,
          nzn_winding_woodlands_5x15_sidewinder,
          nzn_winding_woodlands_5x15_pool, nzn_winding_woodlands_5x15_default],
          layout_loops_ring, portal_ice_cave_entry_pillars_2, uniq_urug
Temple:   hellmonk_temple_two_chambers
Lair:1:   layout_cave_pods, columned_hall_lemuel
Lair:2:   minmay_lair_oklob_chamber, layout_cave_pods,
          skrybe_swamp_entry_bodies, serial_bayou_shore_a
Lair:3:   layout_chaotic_city, minmay_snake_entry_six_corridors,
          grunt_megastairs_4
Lair:4:   layout_concentric_octagons, grunt_megastairs_5, uniq_sonja, uniq_kirke
Lair:5:   minmay_lair_end_frog_pond, layout_cave_pods, slime_entry_1,
          grunt_megastairs_2
Orc:1:    layout_caves, serial_shops, nicolae_shop_window_shopping
Orc:2:    grunt_orc_community_town_hall, layout_caves,
          grunt_orc_community_big_house_1, grunt_orc_community_big_house_1,
          grunt_orc_community_house_2, grunt_orc_community_house_2,
          grunt_orc_community_house_3, grunt_orc_community_house_3

Skill      XL: |  1  2  3  4  5  6  7  8  9 10 11 12 13 14 15 |
---------------+----------------------------------------------+-----
Spellcasting   | 4 5 6 8 9 |  9.2
Shields        | 1 2 3 4 |  4.0
Conjurations   | 2 3 5 7 |  7.4
Earth Magic    | 4 5 6 8 10 12 14 15 17 | 17.4
Dodging        | 5 7 |  7.8
Transmutations | 4 7 8 11 12 | 12.0
Armour         | 3 5 |  5.1
Invocations    | 4 5 |  5.8
Fighting       | 3 7 8 |  8.1
Necromancy     | 2 5 |  5.8
Poison Magic   | 5 10 | 10.0
Stealth        | |  2.4

Action                     |  1- 3 |  4- 6 |  7- 9 | 10-12 | 13-15 || total
---------------------------+-------+-------+-------+-------+-------++-------
  Melee: Dagger            |     4 |     2 |       |    19 |    86 ||   111
   Cast: Sandblast         |    57 |    62 |    44 |   117 |    67 ||   347
         Stone Arrow       |       |     4 |   103 |   114 |   142 ||   363
         Statue Form       |       |       |       |    13 |    11 ||    24
         Petrify           |       |       |       |     3 |       ||     3
         Olgreb's Toxic Ra |       |       |       |       |    80 ||    80
         Borgnjor's Vile C |       |       |       |       |    34 ||    34
 Invoke: Recall Ancestor   |       |       |       |     3 |     2 ||     5
         Ancestor Life: Ba |       |       |       |     1 |       ||     1
  Evoke: Wand              |       |       |     1 |       |       ||     1
    Use: Scroll            |     3 |       |     8 |    10 |    12 ||    33
         Potion            |       |     1 |       |       |     1 ||     2
   Stab: Petrifying        |       |       |       |     1 |       ||     1
         Sleeping          |       |       |       |       |     2 ||     2
 Armour: Robe              |     2 |       |       |       |       ||     2
         Leather armour    |    15 |     7 |     4 |       |       ||    26
         Ring mail         |       |       |       |    15 |     2 ||    17
         Skin              |       |       |       |    46 |    50 ||    96
         Steam dragon scal |       |       |       |     3 |    53 ||    56
  Dodge: Dodged            |    17 |    14 |    24 |    90 |   216 ||   361
  Block: Buckler           |     2 |     8 |    20 |    68 |   153 ||   251
         Reflection        |       |     1 |     2 |     1 |     8 ||    12
